 Dungeon Crawl Stone Soup version 0.17-a0-1105-gbe8b664 (webtiles) character file.

156 Grimpse the Shield-Bearer (level 5, 0/47 HPs)
             Began as a Minotaur Fighter on May 22, 2015.
             Slain by a kobold
             ... wielding a +0 short sword
              (1 damage)
             ... on level 3 of the Dungeon.
             The game lasted 00:06:43 (1637 turns).

Grimpse the Shield-Bearer (Minotaur Fighter)        Turns: 1637, Time: 00:06:43

Health: 0/47       AC:  7    Str: 27    XL:     5   Next: 14%
Magic:  4/4        EV:  8    Int:  5    God:
Gold:   97         SH: 10    Dex:  9    Spells: 0 memorised, 4 levels left

rFire  . . .     SeeInvis .     a - +0 flail
rCold  . . .     Clarity  .     b - +0 scale mail
rNeg   . . .     SustAb   .     c - +0 shield
rPois  .         Gourm    .     (helmet restricted)
rElec  .         Spirit   .     (no cloak)
rCorr  .         Warding  .     (no gloves)
rMut   .         Stasis   .     (no boots)
MR     .....                    (no amulet)
Stlth  ..........               (no ring)
                                (no ring)

@: mighty, lethally poisoned (0 -> -8), very slightly contaminated, slowed,
invisible, very slow, not resistant to hostile enchantments, extremely
unstealthy
A: retaliatory headbutt, horns 2
a: no special abilities


You were on level 3 of the Dungeon.
You were not hungry.

You visited 1 branch of the dungeon, and saw 3 of its levels.

You collected 97 gold pieces.

Inventory:

Hand weapons
 a - a +0 flail (weapon)
Armour
 b - a +0 scale mail (worn)
 c - a +0 shield (worn)
Scrolls
 g - 4 scrolls of identify {unknown}
 h - 3 scrolls of remove curse {unknown}
 i - a scroll of enchant weapon {unknown}
 j - a scroll of random uselessness {unknown}
 l - a scroll of recharging {unknown}
 m - a scroll of magic mapping {unknown}
 r - a scroll of fog {unknown}
Potions
 d - a potion of might
 k - 2 potions of degeneration {unknown}
 n - a potion of cancellation {unknown}
 p - a potion of flight {unknown}
 s - a potion of mutation {unknown}
 t - a potion of resistance {unknown}
 u - a potion of brilliance {unknown}
Comestibles
 e - a bread ration
 f - a meat ration
 q - a fruit
 v - 3 chunks of flesh


   Skills:
 + Level 4.4 Fighting
 + Level 2.8 Maces & Flails
 + Level 4.7 Armour
 + Level 2.1 Dodging
 + Level 5.0 Shields


You had 4 spell levels left.
You didn't know any spells.

Dungeon Overview and Level Annotations

Branches:
Dungeon (3/15)

Altars:
Dithmenos


Innate Abilities, Weirdness & Mutations

You reflexively headbutt those who attack you in melee.
You have a pair of horns on your head.


Message History

* * * LOW HITPOINT WARNING * * *
You feel sick. You block the goblin's attack.
The orc hits you but does no damage.
The orc wizard mumbles some strange words.
The orc wizard blinks!
The kobold unwields an uncursed blowgun.
The kobold wields an uncursed short sword.
The kobold barely misses you.
You are very lightly contaminated with residual magic.
A bat comes into view.
You barely miss the goblin. Your headbutt misses the goblin.
* * * LOW HITPOINT WARNING * * *
You feel sick. The goblin hits you but does no damage.
The orc hits you but does no damage. You block the kobold's attack.
The goblin barely misses you. You block the orc's attack.
You closely miss the goblin.
* * * LOW HITPOINT WARNING * * *
You feel sick.
The kobold hits you with an uncursed short sword.
You die...

#.#..###)).#
#.#.#.....##
###.......>##
#...........#
..).#(...)).# ..#
#............. #
# #(..o...>#####
..#.#b#Ko......#
.....og@........#
....#.##....$##.#
.. #. ##...## ..#
# ##### #..


You could see an orc wizard, 2 orcs, a goblin, a bat and a kobold.

Vanquished Creatures
  An orc wizard (D:3)
  Ijyb (D:2)
  An orc priest (D:3)
  An adder (D:2)
  2 worms (D:2)
  4 giant geckos
  4 orcs (D:3)
  A ball python (D:2)
  2 giant cockroaches
  5 goblins
  5 hobgoblins
  6 jackals
  6 bats
  7 kobolds
  5 rats
51 creatures vanquished.

Notes
Turn   | Place    | Note
--------------------------------------------------------------
     0 | D:1      | Grimpse the Minotaur Fighter began the quest for the Orb.
     0 | D:1      | Reached XP level 1. HP: 19/19 MP: 0/0
   253 | D:1      | Reached XP level 2. HP: 24/27 MP: 1/1
   387 | D:1      | Reached skill level 4 in Armour
   591 | D:2      | Reached XP level 3. HP: 31/33 MP: 2/2
   657 | D:2      | Noticed Ijyb
   674 | D:2      | Killed Ijyb
   674 | D:2      | Reached skill level 1 in Dodging
   704 | D:2      | Reached XP level 4. HP: 29/40 MP: 3/3
  1388 | D:3      | Found a shadowy altar of Dithmenos.
  1460 | D:3      | Reached XP level 5. HP: 29/47 MP: 4/4
  1631 | D:3      | Reached skill level 5 in Shields
  1636 | D:3      | HP: 2/47 [poisoned by a kobold]
  1637 | D:3      | Slain by a kobold

Vault maps used:
D:1:      sevenhm_arrival_forest_fort_large_4, minmay_misc_feat_secret_circle
D:2:      serial_bayou, serial_bayou_pond_a, serial_bayou_pond_c,
          serial_bayou_shore_b, serial_bayou_pond_e, uniq_iyjb
D:3:      grunt_dithmenos_smoke_and_mirrors, gup_sewer_entry_spiral,
          first_bread, st_stairs_11

Action                   |  1- 3 |  4- 6 || total
-------------------------+-------+-------++-------
Melee: Flail             |    79 |    79 ||   158
  Use: Potion            |       |     2 ||     2
  Eat: Fruit             |       |     2 ||     2
       Chunk             |       |     1 ||     1
